 Dungeon Crawl Stone Soup version 0.30-a0-377-g5cb311bc9f (webtiles) character file.

Game seed: 12293931907725900430

3038 Lobster4 the Conjurer (level 9, 0/50 HPs)
             Began as a Deep Elf Conjurer on Nov 29, 2022.
             Was a Believer of Vehumet.
             Slain by a centaur warrior
             ... wielding a staff of death
              (2 damage)
             ... on level 8 of the Dungeon.
             The game lasted 00:31:47 (9385 turns).

Lobster4 the Conjurer (Deep Elf Conjurer)           Turns: 9385, Time: 00:31:48

Health: 0/50       AC: 15    Str:  4    XL:     9   Next: 56%
Magic:  9/21       EV: 11    Int: 31    God:    Vehumet [**....]
Gold:   503        SH:  0    Dex: 13    Spells: 14/21 levels left

rFire   + . .      SeeInvis .    a - staff of conjuration
rCold   . . .      Faith    .    (no shield)
rNeg    . . .      Spirit   .    j - +0 leather armour "Aredghuku" {rElec rF+ Int+3}
rPois   .          Reflect  .    (no helmet)
rElec   +          Harm     .    J - +1 cloak
rCorr   .          Rampage  .    (no gloves)
Will    .....                    k - +1 pair of boots
Stlth   ++........               (no amulet)
HPRegen 0.28/turn                B - +4 ring of protection
MPRegen 0.17/turn                G - +4 ring of protection

@: studying Dodging
A: no striking features
a: Renounce Religion


You were on level 8 of the Dungeon.
You worshipped Vehumet.
Vehumet was pleased with you.
You visited 2 branches of the dungeon, and saw 9 of its levels.
You also visited: Sewer.

You collected 503 gold pieces.

Inventory:

Hand Weapons
 b - the +5 rapier of Linearity {drain, rElec rF+ Int+3}
   (You found it on level 4 of the Dungeon)

   A truly terrible weapon, it drains the life of any living foe it strikes.
   Int:       It affects your intelligence (+3).
   rF:        It protects you from fire.
   rElec:     It insulates you from electricity.
 l - a +0 sling
 m - a +0 dagger of flaming
 x - a +2 short sword of chaos
Missiles
 h - 2 throwing nets
 n - 2 boomerangs
 v - 15 poisoned darts
 D - 4 atropa-tipped darts
Armour
 j - the +0 leather armour "Aredghuku" (worn) {rElec rF+ Int+3}
   (You found it on level 7 of the Dungeon)

   Int:       It affects your intelligence (+3).
   rF:        It protects you from fire.
   rElec:     It insulates you from electricity.
 k - a +1 pair of boots (worn)
 o - a +0 buckler
 w - a +0 robe
 J - a +1 cloak (worn)
Magical Staves
 a - a staff of conjuration (weapon)
Jewellery
 q - a ring of protection from fire
 z - a ring of protection from cold
 B - a +4 ring of protection (left hand)
 G - a +4 ring of protection (right hand)
 M - a ring of magical power
Wands
 E - a wand of mindburst (9)
Scrolls
 c - 2 scrolls of enchant armour
 e - a scroll of brand weapon
 f - 9 scrolls of teleportation
 g - a scroll of magic mapping
 i - 2 scrolls of amnesia
 s - a scroll of silence {unknown}
 u - a scroll of immolation
 y - a scroll of fear
 K - a scroll of identify
Potions
 d - 5 potions of curing
 p - 3 potions of cancellation
 r - 3 potions of brilliance
 t - a potion of lignification
 A - 7 potions of flight
 C - a potion of might
 F - a potion of heal wounds
 H - 3 potions of haste
 L - a potion of berserk rage {unknown}


   Skills:
 - Level 3.0 Fighting
 - Level 2.0 Short Blades
 - Level 2.0 Staves
 - Level 2.0 Ranged Weapons
 - Level 1.0 Throwing
 + Level 3.2 Armour
 - Level 3.0 Dodging
 - Level 3.0 Stealth
 + Level 3.5 Shields
 + Level 6.8 Spellcasting
 * Level 7.8 Conjurations
 + Level 3.3 Summonings
 - Level 2.4 Transmutations
 + Level 2.4 Air Magic
 - Level 3.0 Earth Magic
 - Level 4.0 Evocations


You had 14 spell levels left.
You knew the following spells:

 Your Spells              Type           Power      Damage    Failure   Level
a - Magic Dart            Conj           100%       1d8       1%          1
b - Searing Ray           Conj           100%       2d8       1%          2
c - Passwall              Tmut/Erth      22%        N/A       3%          2
d - Static Discharge      Conj/Air       100%       2-7/arc   1%          2

Your spell library contained the following spells:

 Spells                   Type           Power      Damage    Failure   Level
 Sandblast                Erth           58%        2d13      2%          1
 Stone Arrow              Conj/Erth      100%       3d13      2%          3
 Dazzling Flash           Conj/Hex       100%       N/A       4%          3
 Hailstorm                Conj/Ice       51%        3d11      4%          3
 Mephitic Cloud           Conj/Pois/Air  47%        N/A       5%          3
 Poisonous Vapours        Pois/Air       36%        N/A       7%          2
 Cigotuvi's Dreadful Rot  Necr/Pois/Air  30%        N/A       9%          2
 Summon Guardian Golem    Hex/Summ       20%        N/A       12%         3
 Ignite Poison            Fire/Tmut/Pois 15%        N/A       16%         3
 Kindle Blastsparks       Fire/Tloc/Air  30%        2d12      16%         3
 Fulminant Prism          Conj/Hex       25%        3d14      16%         4
 Iskenderun's Mystic Bla  Conj/Tloc      51%        2d11      16%         4
 Leda's Liquefaction      Hex/Erth       9%         N/A       38%         4
 Ice Form                 Ice/Tmut       18%        N/A       41%         4
 Freezing Cloud           Conj/Ice/Air   23%        6-21      45%         5
 Lee's Rapid Deconstruct  Erth           14%        3d9*      52%         5
 Orb of Destruction       Conj           36%        9d11      95%         7
 Statue Form              Tmut/Erth      18%        N/A       98%         6
 Simulacrum               Ice/Necr       5%         N/A       100%        6
 Spellforged Servitor     Conj/Summ      30%        N/A       100%        7


Dungeon Overview and Level Annotations

Branches:
Dungeon (8/15)             Temple (1/1) D:4           Sewer (visited)
   Lair: D:8-11

Altars:
Ashenzari
Cheibriados
Dithmenos
Elyvilon
Fedhas
Gozag
Hepliaklqana
Kikubaaqudgha
Makhleb
Nemelex Xobeh
Okawaru
Qazlal
Ru
Sif Muna
Trog
Uskayaw
Vehumet
Xom
Yredelemnul
Zin
The Shining One

Shops:
D:6 *

Annotations:
D:7 1 runed translucent door, Crazy Yiuf


Message History

Okay, then.
Casting: Searing Ray (safe; 1% risk of failure)
Confirm with . or Enter, or press ? or * to list all spells.
Aiming: Searing Ray (safe; 1% risk of failure)
Press: ? - help, Shift-Dir - straight line, f - centaur warrior
Aim: a centaur warrior, wielding a staff of death (moderately wounded, 87% to hit)
You feel a surge of power!
The searing ray hits the centaur warrior.
The centaur warrior is moderately wounded.
The searing ray hits the bullfrog!
The bullfrog is severely wounded. (Press . to maintain the ray.)
The centaur warrior hits you but does no damage.
You writhe in agony.
The centaur warrior kicks you.
A bullfrog comes into view.
The centaur warrior hits you but does no damage.
You writhe in agony!
* * * LOW HITPOINT WARNING * * *
The centaur warrior kicks you.
* * * LOW HITPOINT WARNING * * *
Press: ? - help, v - describe, . - travel
Here: a centaur warrior, wielding a staff of death (moderately wounded)
The floor.
Unknown command.
You feel much better.
The centaur warrior hits you with a staff of death!
You writhe in agony.
The centaur warrior kicks you but does no damage.
As you read the scroll of butterflies, it crumbles to dust.
You hear the tinkle of a tiny bell.
The centaur warrior hits you with a staff of death!
* * * LOW HITPOINT WARNING * * *
You writhe in agony!
* * * LOW HITPOINT WARNING * * *
The centaur warrior kicks you but does no damage.
The centaur warrior hits you but does no damage.
You writhe in agony.
* * * LOW HITPOINT WARNING * * *
The centaur warrior kicks you.
You die... ....## .##..# #.. .##..# #c. ... .##..# #bb ... .#..## ####bb# .. .#..# .Fbbbob

.. .#..# ....bFc .# ...##
#####bYc##.# # #..#
####...####@#.##.###
#..###.........##bbb.....
#..........#.....bbb####.
#........#....###bbb#
########..#..## #####
##.##..# #...#.# ###...#
#####


You could see 2 centaur warriors, a sky beast (ally target), 2 bullfrogs, a
centaur (ally target) and an orc.

Vanquished Creatures
  A basilisk (D:8)
  4 water moccasins
  An acid dragon (D:8)
  An orc warrior (D:6)
  A sky beast (D:6)
  2 black bears
  3 ogres
  2 centaurs (D:6)
  A kobold brigand (D:7)
  2 bullfrogs
  3 scorpions
  A howler monkey (D:5)
  2 jellies
  7 hounds
  6 orc priests
  3 gnoll boudas
  7 orc wizards
  2 iguanas
  17 gnolls
  13 adders
  4 river rats
  A shadow imp (D:8)
  A white imp (D:6)
  An ufetubus (D:5)
  A worm (Sewer)
  2 dart slugs
  21 orcs
  17 bats
  2 endoplasms
  7 giant cockroaches
  8 hobgoblins
  4 jackals
  5 quokkas
  8 ball pythons
  3 frilled lizards
  5 goblins
  8 kobolds
  3 rats
180 creatures vanquished.

Vanquished Creatures (others)
  2 plants (D:4)
2 creatures vanquished.

Grand Total: 182 creatures vanquished

Notes
Turn   | Place    | Note
-------+----------+-------------------------------------------
     0 | D:1      | Lobster4 the Deep Elf Conjurer began the quest for the Orb.
     0 | D:1      | Reached XP level 1. HP: 10/10 MP: 6/6
   299 | D:1      | Reached XP level 2. HP: 15/15 MP: 6/8
   302 | D:1      | Learned a level 2 spell: Searing Ray
  1212 | D:2      | Reached XP level 3. HP: 20/20 MP: 4/9
  1647 | D:2      | Reached skill level 1 in Fighting
  1715 | D:2      | Identified the +0 scale mail "Yshreemipt" {Regen+}
  2249 | D:3      | Reached skill level 1 in Armour
  2249 | D:3      | Reached XP level 4. HP: 25/25 MP: 7/11
  2554 | D:3      | Noticed a scorpion
  2686 | D:3      | Killed a scorpion
  2687 | D:3      | Reached skill level 1 in Short Blades
  2687 | D:3      | Reached XP level 5. HP: 29/29 MP: 7/13
  3042 | D:4      | Noticed an ogre
  3049 | D:4      | Killed an ogre
  3050 | D:4      | Reached skill level 1 in Staves
  3050 | D:4      | Reached skill level 1 in Throwing
  3050 | D:4      | Reached skill level 1 in Shields
  3050 | D:4      | Reached skill level 5 in Conjurations
  3050 | D:4      | Reached skill level 1 in Summonings
  3050 | D:4      | Reached skill level 1 in Evocations
  3159 | D:4      | Reached XP level 6. HP: 34/34 MP: 10/14
  3699 | D:4      | Identified the +5 rapier of Linearity {drain, rElec rF+
                  | Int+3}
  3835 | D:4      | Found a staircase to the Ecumenical Temple.
  3845 | Temple   | Entered the Ecumenical Temple
  4005 | Temple   | Became a worshipper of Vehumet
  4368 | D:5      | Entered Level 5 of the Dungeon
  4383 | D:5      | Reached XP level 7. HP: 39/39 MP: 7/16
  4551 | D:5      | You fall into a shaft and drop 3 floors!
  4572 | D:8      | Learned a level 2 spell: Passwall
  5030 | D:7      | Reached skill level 5 in Spellcasting
  5239 | D:6      | Found a glowing drain.
  5243 | Sewer    | Entered a sewer
  5513 | Sewer    | Reached * piety under Vehumet
  5513 | Sewer    | Offered knowledge of Shock by Vehumet.
  6167 | D:6      | Reached skill level 1 in Transmutations
  6167 | D:6      | Reached skill level 1 in Earth Magic
  6184 | D:6      | Reached XP level 8. HP: 21/44 MP: 15/17
  6408 | D:6      | Found Paisacust's Neck Hole.
  6726 | D:6      | Reached skill level 6 in Conjurations
  6810 | D:5      | Reached skill level 1 in Ranged Weapons
  7307 | D:5      | Offered knowledge of Static Discharge by Vehumet.
  7339 | D:5      | Learned a level 2 spell: Static Discharge
  7360 | D:5      | Reached ** piety under Vehumet
  7931 | D:6      | Found a blossoming altar of Fedhas.
  8085 | D:6      | Reached XP level 9. HP: 49/49 MP: 10/20
  8092 | D:6      | Reached skill level 1 in Air Magic
  8342 | D:6      | Reached skill level 7 in Conjurations
  8815 | D:7      | Identified the +0 leather armour "Aredghuku" {rElec rF+
                  | Int+3}
  8849 | D:7      | Found a runed translucent door.
  8850 | D:7      | Noticed Crazy Yiuf
  9373 | D:8      | Noticed a centaur warrior
  9382 | D:8      | Noticed a centaur warrior
  9385 | D:8      | HP: 2/50 [centaur warrior/staff of death (2)]
  9385 | D:8      | Slain by a centaur warrior

Illustrated notes

Levels and vault maps discovered:
D:1:      grunt_arrival_crossed_arrows, layout_basic
D:2:      layout_basic
D:3:      layout_basic
D:4:      minmay_wonky_spiral, layout_rooms, minmay_temple_entry_slanted,
          dk_vineyard_1, serial_bayou_ford_a, nrook_loot_triangle
D:5:      layout_basic
D:6:      layout_loops_ring, mainiacjoe_overflow_cross_hatched,
          gup_sewer_entry_bowl, nicolae_shop_sticking_my_neck_out
D:7:      layout_cave_pools, roderic_serpentine_path, minivault_4,
          chequers_arboretum, wad_floor_pattern_untrapped,
          uniq_crazy_yiuf_cottage
D:8:      layout_rooms, kennysheep_big_empty_room, kennysheep_cluttered_room,
          nrook_mini_backslash, minmay_pinched_square
Temple:   mainiacjoe_temple_cubbyholes

Skill      XL: |  1  2  3  4  5  6  7  8  9 |
---------------+----------------------------+-----
Stealth        | 3 |  3.0
Fighting       | 1 2 3 |  3.0
Armour         | 1 2 3 |  3.2
Dodging        | 3 |  3.0
Short Blades   | 1 2 |  2.0
Spellcasting   | 4 5 6 |  6.8
Staves         | 1 2 |  2.0
Throwing       | 1 |  1.0
Shields        | 1 2 3 |  3.5
Conjurations   | 5 6 7 |  7.8
Summonings     | 1 2 3 |  3.3
Evocations     | 1 2 3 4 |  4.0
Transmutations | 1 2 |  2.4
Earth Magic    | 1 2 3 |  3.0
Ranged Weapons | 2 |  2.0
Air Magic      | 2 |  2.4

Action                   |  1- 3 |  4- 6 |  7- 9 || total
-------------------------+-------+-------+-------++-------
Melee: Staff             |       |       |     9 ||     9
       Rapier            |       |       |     1 ||     1
Throw: Dart              |       |     4 |       ||     4
 Cast: Magic Dart        |    62 |    44 |   148 ||   254
       Searing Ray       |     4 |    16 |    75 ||    95
  Use: Scroll            |       |     8 |    11 ||    19
       Potion            |       |       |     3 ||     3
 Stab: Sleeping          |       |       |     1 ||     1
Armor: Robe              |       |     3 |    24 ||    27
       Leather armour    |       |       |    13 ||    13
Dodge: Dodged            |     8 |     2 |    70 ||    80

Table legend: (Time is in decaauts)
 A = Elapsed time spent in this place.
 B = Non-inter-level travel time spent in this place.
 C = Inter-level travel time spent in this place.
 D = Time resting spent in this place.
 E = Time spent auto-exploring this place.
 F = Levels seen in this place.
 G = Mean time per level.
                   A        B        C        D        E       F      G
               +--------+--------+--------+--------+--------+-----+--------+
         Total |   9560 |   9349 |    211 |   1470 |   6413 |  10 |  956.0 |
       Dungeon |   8171 |   8012 |    159 |   1329 |   5403 |   8 | 1021.4 |
        Temple |    348 |    296 |     52 |      0 |    287 |   1 |  348.0 |
         Sewer |   1040 |   1040 |      0 |    141 |    723 |   1 | 1040.0 |
               +--------+--------+--------+--------+--------+-----+--------+

Top non-repeatable levels by time:
     D:6: 1419 daAuts
     D:7: 1239 daAuts
     D:5: 1194 daAuts
     D:1: 1123 daAuts
   Sewer: 1040 daAuts
     D:4: 984 daAuts
     D:3: 980 daAuts
     D:2: 936 daAuts
  Temple: 348 daAuts
     D:8: 293 daAuts
